 Dungeon Crawl Stone Soup: Circus Animals version 1.7-37-g2c94cca (webtiles) character file.

56089 AlphabetPasta the Conqueror (level 26, 340/340 (342) HPs) *EASY*
             Began as a Minotaur Gladiator on Aug 22, 2016.
             Was the Champion of the Shining One.
             Quit the game on level 1 of the Dwarven Fortress on Aug 24, 2016.
             The game lasted 05:30:24 (74527 turns).

AlphabetPasta the Conqueror (Minotaur Gladiator)   Turns: 74527, Time: 05:30:25

HP:   340/340 (342) AC: 53    Str: 25    XL:     26   Next: 32%
MP:   75/75         EV: 11    Int:  8    God:    the Shining One [******]
Gold: 8392          SH:  0    Dex: 17    Spells: 0 memorised, 25 levels left

rFire  + . .     rPois    +     a - +9 executioner's axe (holy)
rCold  + . .     rElec    +     H - +12 gold dragon armour
rNeg   + + +     rCorr    +     (shield currently unavailable) MagicSh . . . SeeInvis .
                                s - +2 hat {Int+3} StaminaSh . . . Faith .
                                D - +2 cloak {MR+} RegenHP +++++++...
SustAt +                        u - +2 pair of gloves {Str+3} RegenSP +++....... Dismiss .
                                K - +0 pair of boots "Niusuorch" {Dex+3 Stlth+} RegenMP +++....... Reflect .
                                A - amulet of health regeneration
MR     ++++.     Harm     .     U - ring of sustain attributes
Stlth  ..........               Q - ring of Riefoel {rCorr rElec rPois MR+ Str-3}

@: glowing, slow, incredibly resistant to hostile enchantments, extremely
unstealthy
A: retaliatory headbutt, horns 2, clumsy 2
a: Divine Shield, Cleansing Flame, Summon Divine Warrior, Renounce Religion
}: 3/20 runes: decaying, serpentine, abyssal


You were on level 1 of the Dwarven Fortress.
You worshipped the Shining One.
The Shining One was exalted by your worship.
You were not hungry.

You visited 10 branches of the dungeon, and saw 48 of its levels.
You visited the Abyss 3 times.
You also visited: Ice Cave and Volcano.

You collected 10615 gold pieces.
You spent 2223 gold pieces at shops.

Inventory:

Hand Weapons
 a - a +9 executioner's axe of holy wrath (weapon)
 b - a +5 triple crossbow of shredding
 c - a +2 hand axe of flaming
Missiles
 d - 14 throwing nets
 f - 304 silver bolts
 g - 284 bolts of penetration
 n - 588 bolts of flame
 C - 615 bolts of frost
 V - 142 steel bolts
Armour
 s - a +2 hat of intelligence (worn)
 u - a +2 pair of gloves of strength (worn)
 D - a +2 cloak of magic resistance (worn)
 E - a +0 cloak of fire resistance
 H - a +12 gold dragon armour (worn)
 K - the +0 pair of boots "Niusuorch" (worn) {Dex+3 Stlth+}
   (You bought it in a shop on level 7 of the Orcish Mines)

   It affects your dexterity (+3).
   It makes you more stealthy.
 L - the +0 cloak of Entitlement {rC+}
   (You bought it in a shop on level 7 of the Orcish Mines)

   It protects you from cold.
Jewellery
 o - an uncursed ring of see invisible
 p - an uncursed ring of flight
 q - an uncursed ring of stamina
 r - an uncursed ring of stealth
 v - an uncursed ring of protection from magic
 z - an uncursed ring of fire
 A - an amulet of health regeneration (around neck)
 B - an uncursed ring of protection from fire
 O - a +2 ring of dexterity
 Q - the ring of Riefoel (left hand) {rCorr rElec rPois MR+ Str-3}
   (You found it on level 2 of the Enchanted Forest)

   [ring of resist corrosion]

   It affects your strength (-3).
   It insulates you from electricity.
   It protects you from poison.
   It affects your resistance to hostile enchantments.
 R - the ring "Satoomid" {rPois rC+ Str+3}
   (You found it on level 2 of the Enchanted Forest)

   [ring of poison resistance]

   It affects your strength (+3).
   It protects you from cold.
   It protects you from poison.
 S - an uncursed ring of ice
 U - a ring of sustain attributes (right hand)
Wands
 e - a wand of teleportation (10/18)
 h - a wand of lightning (37/75)
 i - a wand of iceblast (56/135)
 j - a wand of disintegration (40/72)
 k - a wand of acid (32/38)
 l - a wand of slowing (71/144)
 t - a wand of hasting (6/9)
 w - a wand of flame (126/336)
 x - a wand of polymorph (15/48)
 y - a wand of paralysis (14/24)
 G - a wand of enslavement (11/24)
 X - a wand of confusion (94/192)
Scrolls
 d - 11 scrolls of magic mapping
 g - 21 scrolls of teleportation
 n - 3 scrolls of recharging
 q - 16 scrolls of remove curse
 v - 4 scrolls of enchant armour
 x - 11 scrolls of amnesia
 y - 9 scrolls of fear
 A - 19 scrolls of fog
 G - 14 scrolls of identify
 K - 3 scrolls of blinking
 P - a scroll of holy word
 Q - a scroll of summoning
Potions
 a - 18 potions of heal wounds
 b - 104 potions of stamina
 c - 33 potions of magic
 e - a potion of mutation
 h - 6 potions of resistance
 k - 12 potions of ambrosia
 l - 8 potions of haste
 m - 28 potions of curing
 o - 2 potions of brilliance
 r - 18 potions of flight
 t - 3 potions of cure mutation
 u - 12 potions of cancellation
 w - 16 potions of agility
 H - 4 potions of berserk rage
 N - 7 potions of might
Miscellaneous
 m - a phial of floods
 I - a lamp of fire
 J - a phantom mirror
 Z - a disc of storms


   Skills:
 + Level 28.3 Fighting
 + Level 26.6 Axes
   Level 2.5 Maces & Flails
 + Level 16.7 Crossbows
 - Level 2.0 Throwing
 + Level 22.6 Armour
 + Level 14.5 Dodging
 + Level 15.4 Invocations
 + Level 6.0 Evocations


You had 25 spell levels left.
You didn't know any spells.

Dungeon Overview and Level Annotations

Branches:
    Coc (0/7) Hell          Crypt (0/4) Forest:4     Depths (7/7) Forest:7
    Dis (0/7) Hell        Dungeon (7/7)               Dwarf (1/4) Orc:6
    Elf (0/4) Orc:4        Forest (7/7) Orc:7           Geh (0/7) Hell
   Lair (7/7) D:7             Orc (7/7) Lair:7       Shoals (0/4) Lair:4
  Slime (0/4) Forest:2      Snake (4/4) Lair:5       Spider (0/4) Orc:3
  Swamp (4/4) Lair:5          Tar (3/7) Hell           Tomb (0/4) Depths:3
 Vaults (0/4) Forest:4       Hell (1/1)                 Zot (0/7) Depths:7

Altars:
Ashenzari
Cheibriados
Dithmenos
Fedhas
Hepliaklqana
Makhleb
Qazlal
Ru
Trog
Xom
The Shining One
Beogh

Shops:
Depths:7 *   Forest:2 :*   Orc:1 }   Orc:7 ([((*

Portals:
Abyss: Depths:1 Depths:3 Depths:4
Pandemonium: Depths:3 Depths:4 Depths:7
Hell: Depths:1 Depths:2 Depths:3 Depths:4 Depths:5 Depths:6 Depths:7 Lair:7
Ziggurat: Depths:3


Innate Abilities, Weirdness & Mutations

You reflexively headbutt those who attack you in melee.
You have a pair of horns on your head.
You are very clumsy. (Dex -4)


Message History

This curse will result in the following effect(s): Enemy armour is more effective.
Are you sure you want to enter now?
You insert the serpentine rune into the lock.
With a loud hiss the gate opens wide!
You climb downwards.
Welcome to the Dwarven Fortress!
This branch contains the dwarven rune of Zot. mlua error: ...hroot/usr/lib/dcss-dcssa/bin/../dat/dlua/lm_trig.lua:673: Too many vault items for item_pickup Welcome back, AlphabetPasta the Minotaur Gladiator.
You are playing the Easy difficulty mode, Classic experience mode The Shining One says: Lead the forces of light to victory!
Press ? for a list of commands and other information. mlua error: ...hroot/usr/lib/dcss-dcssa/bin/../dat/dlua/lm_trig.lua:673: Too many vault items for item_pickup Welcome back, AlphabetPasta the Minotaur Gladiator.
You are playing the Easy difficulty mode, Classic experience mode The Shining One says: Lead the forces of light to victory!
Press ? for a list of commands and other information.
Found a staircase back to the Enchanted Forest. 5 deep dwarves, a deep dwarf scion, a deep dwarf necromancer and a wight come into view.
Are you sure you want to abandon this character and quit the game? (Confirm with "yes".)

... .. #
.#.# #
#.#.#g#
###8.8.8.8
#q........
#..gq.....
#g@.......
#..g......
#.........
###8.8.8.8
#.#z#g#
.#.# # .#
# ..


You could see a deep dwarf scion (sleeping), a deep dwarf necromancer
(sleeping), 5 deep dwarves and a wight (dormant).

Vanquished Creatures
  2 giant centipedes
  8 juggernauts
  Boris (Depths:6)
  Nikola (Swamp:4)
  9 caustic shrikes
  6 bone dragons (Tar:2)
  4 doom hounds
  7 golden dragons
  Geryon (Hell)
  9 Tzitzimimeh
  Jory (Forest:2)
  the Enchantress (Forest:7)
  8 liches
  7 tentacled monstrosities
  4 titans
  2 quicksilver dragons
  Gastronok (Lair:2)
  7 tentacled starspawn
  5 sphinxes
  Roxanne (Swamp:3)
  An ancient champion (Forest:2)
  3 shadow dragons
  2 storm dragons
  13 thorn hunters
  15 tengu reavers
  2 revenants
  16 greater nagas
  14 fire giants
  13 frost giants
  4 iron dragons
  37 very ugly things
  2 draconian zealots (Depths:7)
  2 deep elf sorcerers
  A balrug (Depths:3)
  2 cacodemons
  7 orc warlords
  A deep elf elementalist (Depths:4)
  3 caustic shrike zombies
  24 stone giants
  3 draconian callers (Depths:7)
  Aizul (Forest:1)
  12 reapers
  20 spriggan defenders
  A war gargoyle (Hell)
  9 apis
  2 deep elf annihilators
  A mottled draconian (Depths:7)
  4 deep elf demonologists
  2 lorocyprocas
  2 purple draconians (Depths:7)
  23 dire elephants
  16 death oozes (Tar:1)
  A deep elf death mage (Depths:4)
  6 vampire knights
  13 spark wasps
  A green death (Depths:3)
  4 blizzard demons
  21 ettins
  11 fire dragons
  19 yaktaur captains
  5 alligators
  8 great orbs of eyes
  4 vault guards (Forest:2)
  9 jiangshi
  6 rakshasas
  35 spriggan air magi
  15 ice dragons
  A deep elf high priest (Depths:4)
  29 anacondas
  2 catoblepae
  31 hydras
  A juggernaut simulacrum (Depths:3)
  17 naga warriors
  3 ghost crabs
  24 satyrs
  3 centaur warriors
  17 shock serpents
  2 titan zombies
  An iron golem (Hell)
  2 hell beasts
  2 ogre magi (Orc:7)
  9 deep troll earth magi
  16 orc high priests
  10 tengu warriors
  17 death yaks
  10 naga sharpshooters
  6 death knights
  13 deep troll shamans
  4 hell hogs
  71 spriggan berserkers
  7 vampire magi
  5 iron trolls
  A deep elf knight (Forest:7)
  A death drake (Tar:2)
  25 thrashing horrors (Abyss:4)
  Urug (Lair:3)
  3 shadow demons
  6 soul eaters
  113 spriggans
  10 sun demons
  12 swamp dragons
  A golden dragon zombie (Hell)
  9 salamander mystics
  23 ugly things
  3 flayed ghosts
  15 naga ritualists
  43 hell knights
  18 spriggan druids
  4 wretched stars (Abyss:4)
  36 skeletal warriors
  An infernal demonspawn (Depths:4)
  34 mana vipers
  An anaconda skeleton (Tar:1)
  16 starcursed masses
  2 storm dragon skeletons
  2 fire crabs
  9 giant orange brains
  30 deep trolls
  5 hill giants
  25 shambling mangroves
  3 spark wasp zombies
  A tengu zombie (Depths:4)
  2 anaconda zombies (Hell)
  7 phantasmal warriors
  7 wizards
  A deep elf archer (Orc:5)
  A golden dragon skeleton (Depths:3)
  An iron dragon skeleton (Tar:2)
  3 shadow dragon zombies
  A draconian zombie (Tar:2)
  7 griffons
  10 orc knights
  5 lindwurms
  15 necromancers
  67 fauns
  An iron dragon zombie (Depths:1)
  7 oklob plants
  3 fire giant zombies
  4 deep elf magi (Orc:5)
  A draconian skeleton (Tar:2)
  14 orc sorcerers
  10 cyclopes
  A frost giant skeleton (Tar:1)
  4 wolf spiders
  7 large abominations
  11 hornets
  7 harpies
  A worldbinder (Abyss:4)
  A red draconian zombie (Tar:2)
  38 salamanders
  3 water nymphs (Forest:3)
  34 elephants
  A white draconian zombie (Tar:2)
  3 torpor snails
  2 apocalypse crabs (Abyss:4)
  A mottled draconian skeleton (Tar:2)
  3 sirens
  2 sixfirhies (Abyss:4)
  2 storm dragon simulacra
  3 rust devils
  A tormentor (Tar:2)
  6 giant leeches
  An ice statue (IceCv)
  A yellow draconian skeleton (Tar:2)
  A silent spectre (Tar:2)
  9 guardian serpents
  6 orange demons
  87 black mambas
  A molten gargoyle (Orc:7)
  A demonic crawler (Hell)
  4 centaur skeletons
  34 naga magi
  A shock serpent skeleton (Abyss:2)
  29 spiny frogs
  9 smoke demons
  9 komodo dragons
  A fire dragon zombie (Tar:2)
  37 yaktaurs
  4 moth of wrath zombies (Tar:2)
  20 dryads
  2 hellions
  14 freezing wraiths
  A hydra skeleton (Hell)
  5 tengu conjurers
  An efreet (Abyss:4)
  8 slime creatures
  7 ice devils
  3 ancient zymes
  2 hydra zombies (Hell)
  7 wind drakes
  8 rime drakes
  9 bog bodies
  14 red devils
  2 fire dragon skeletons (Tar:2)
  An ice dragon skeleton (Tar:2)
  2 guardian mummies
  3 jumping spiders (Orc:3)
  A rime drake (shapeshifter) (Depths:3)
  2 minotaur skeletons (Volcano)
  A kobold demonologist (Depths:4)
  12 trolls
  10 hellwings
  A boulder beetle (Lair:5)
  5 shadows
  An ettin zombie (Hell)
  An alligator zombie (Hell)
  2 hungry ghosts (Tar:2)
  17 raiju
  An ettin skeleton (Depths:1)
  8 redbacks
  6 swamp worms
  40 blink frogs
  25 two-headed ogres
  A death yak simulacrum (IceCv)
  23 flying skulls
  5 vampire mosquitoes
  An elf simulacrum (Depths:4)
  37 air elementals
  A hill giant skeleton (Volcano)
  72 yaks
  9 hippogriffs
  4 water elementals
  5 wraiths
  4 vampires (Volcano)
  3 fire elementals (Hell)
  3 ynoxinuls
  Duvessa (D:5)
  4 insubstantial wisps (Abyss:4)
  6 neqoxecs
  An anubis guard zombie (Tar:2)
  A basilisk (Lair:3)
  4 giant eyeballs
  3 chaos spawn
  5 wyverns
  2 merfolk skeletons (Volcano)
  72 nagas
  24 wargs
  3 black bears
  4 phantoms
  3 spiny frog skeletons
  26 water moccasins
  A hell hound (shapeshifter) (Depths:1)
  A manticore skeleton (Volcano)
  28 hell hounds
  9 ice beasts
  A sky beast (D:5)
  18 necrophages
  31 ogres
  Dowan (D:5)
  12 small abominations
  9 crocodiles
  A crocodile (shapeshifter) (Depths:4)
  A porcupine (shapeshifter) (Depths:2)
  10 porcupines
  2 big kobolds (Depths:4)
  2 spiny frog simulacra (Hell)
  22 swamp drakes
  A manticore simulacrum (Hell)
  A swamp dragon simulacrum (IceCv)
  An elephant simulacrum (IceCv)
  78 orc warriors
  69 wolves
  A wasp (shapeshifter) (Depths:1)
  132 wasps
  20 boggarts
  5 centaurs
  22 wights (Tar:2)
  7 draconian simulacra (IceCv)
  A troll skeleton (Volcano)
  10 giant frogs
  A gnoll sergeant (Orc:2)
  3 spriggan skeletons
  4 scorpions
  Menkaure (D:6)
  A polar bear simulacrum (Lair:7)
  A spriggan simulacrum (IceCv)
  A troll simulacrum (IceCv)
  6 yak simulacra (Lair:7)
  2 two-headed ogre skeletons (Volcano)
  4 ufetubi
  A centaur zombie (D:5)
  Terence (D:2)
  3 giant frog skeletons
  8 ogre zombies (Lair:7)
  10 crimson imps
  22 electric eels
  4 wolf simulacra
  4 centaur simulacra (IceCv)
  4 dart slugs
  3 hounds
  A howler monkey (D:5)
  4 naga simulacra (IceCv)
  59 orc priests
  Robin (D:3)
  A giant gecko (shapeshifter) (Depths:3)
  7 giant geckos
  53 gnolls
  4 gnoll shamans
  6 hell rats (Hell)
  11 iguanas
  3 ogre simulacra (IceCv)
  275 orcs
  An orc (shapeshifter) (Depths:4)
  2 quasits
  45 sheep
  6 worker ants
  An adder (shapeshifter) (Depths:5)
  16 adders
  2 ball pythons (shapeshifter) (Depths:6)
  10 giant cockroaches
  9 goblins
  3 hobgoblins (shapeshifter)
  9 hobgoblins
  5 iron imps
  14 jackals
  15 kobolds
  61 orc wizards
  2 quokkas
  2 quokkas (shapeshifter) (Depths:4)
  76 river rats
  7 shadow imps
  19 white imps
  2 adder skeletons
  An adder zombie (D:4)
  2 ball pythons
  6 bats
  A bat (shapeshifter) (Depths:1)
  A giant cockroach zombie (D:6)
  A giant gecko skeleton (D:5)
  A giant newt (shapeshifter) (Abyss:3)
  12 giant newts
  A goblin skeleton (Lair:7)
  4 goblin zombies (Lair:7)
  2 hobgoblin skeletons (Lair:7)
  2 hobgoblin zombies (Lair:7)
  2 hound skeletons (D:4)
  A hound zombie (D:7)
  A howler monkey zombie (D:5)
  A kobold (shapeshifter) (Depths:5)
  13 mummies
  An orc skeleton (Lair:7)
  15 orc zombies (Lair:7)
  A quokka skeleton (D:5)
  A quokka zombie (D:5)
  16 rats
  A river rat simulacrum (Lair:7)
  A worker ant zombie (D:5)
  8 worms
  45 briar patches
  8 butterflies
  5 fungi
  12 plants
  11 snaplasher vines
  A snaplasher vine segment (Forest:3)
  9 starspawn tentacles
  2 tentacles (Abyss:4)
  A withered plant (Tar:1)
3862 creatures vanquished.

Vanquished Creatures (others)
  Margery (Forest:2)
  A shadow dragon (Depths:4)
  A tengu reaver (Depths:5)
  A kraken (Abyss:4)
  2 greater nagas
  2 fire giants (Depths:5)
  3 very ugly things
  An elemental wellspring (Forest:3)
  A deep elf elementalist (Depths:5)
  A stone giant (Depths:3)
  A white draconian (Depths:7)
  A hydra (Swamp:4)
  A great orb of eyes (Depths:5)
  A skeletal warrior (Tar:1)
  2 hell knights
  2 naga ritualists
  An ugly thing (Depths:4)
  A flayed ghost (Depths:5)
  2 necromancers
  2 black mambas
  A naga mage (Snake:3)
  An orange demon (Hell)
  A spiny frog (Lair:1)
  2 spriggans
  A red devil (Depths:3)
  A two-headed ogre (Orc:7)
  4 nagas (Snake:4)
  A water elemental (Hell)
  A wasp (Swamp:4)
  An ogre (Orc:5)
  A hell hound skeleton (Tar:2)
  A boggart (Depths:1)
  A wolf (Forest:3)
  A hell rat (Hell)
  3 orcs
  2 orc wizards
  A worker ant (shapeshifter) (Depths:3)
  A ball python (Depths:1)
  A crimson imp (Depths:3)
  2 river rats (Lair:1)
  13 fungi
  28 plants
  A snaplasher vine (Forest:3)
  162 snaplasher vine segments
  14 starspawn tentacles
  48 starspawn tentacle segments (Abyss:4)
  2 tentacles (Abyss:4)
  12 tentacle segments (Abyss:4)
336 creatures vanquished.

Grand Total: 4198 creatures vanquished

Notes
Turn   | Place    | Note
-------+----------+-------------------------------------------
     0 | D:1      | AlphabetPasta the Minotaur Gladiator began the quest for the Orb.
     0 | D:1      | Reached XP level 1. HP: 39/39 MP: 75/75
    97 | D:1      | Reached skill level 5 in Axes
   161 | D:1      | Reached XP level 2. HP: 49/51 MP: 75/75
   315 | D:1      | Reached XP level 3. HP: 63/63 MP: 75/75
   745 | D:2      | Noticed Terence
   753 | D:2      | Killed Terence
   864 | D:2      | Reached XP level 4. HP: 76/76 MP: 75/75
  1409 | D:3      | Noticed Robin
  1420 | D:3      | Killed Robin
  1563 | D:3      | Reached skill level 1 in Armour
  1930 | D:3      | Found a snail-covered altar of Cheibriados.
  2117 | D:3      | Found a shimmering altar of Xom.
  2497 | D:4      | Reached XP level 5. HP: 88/88 MP: 75/75
  2539 | D:4      | Found a shattered altar of Ashenzari.
  2539 | D:4      | Found a hazy altar of Hepliaklqana.
  2540 | D:4      | Found a glowing golden altar of the Shining One.
  2689 | D:4      | Found a sacrificial altar of Ru.
  3638 | D:5      | Entered Level 5 of the Dungeon
  3954 | D:5      | Noticed Duvessa
  3954 | D:5      | Noticed Dowan
  3975 | D:5      | Killed Duvessa
  4005 | D:5      | Reached XP level 6. HP: 81/100 MP: 75/75
  4022 | D:5      | Killed Dowan
  4194 | D:5      | Reached skill level 4 in Fighting
  4621 | D:5      | Noticed a hill giant
  4632 | D:5      | Killed a hill giant
  4632 | D:5      | Reached XP level 7. HP: 112/112 MP: 75/75
  5651 | D:6      | Found a stormy altar of Qazlal.
  5662 | D:6      | Found a blossoming altar of Fedhas.
  5939 | D:6      | Noticed Menkaure
  5949 | D:6      | Killed Menkaure
  6734 | D:7      | Entered Level 7 of the Dungeon
  6933 | D:7      | Found a shadowy altar of Dithmenos.
  6938 | D:7      | Reached XP level 8. HP: 124/124 MP: 75/75
  7150 | D:7      | Found a staircase to the Lair.
  7958 | D:7      | Noticed a cyclops
  7970 | D:7      | Killed a cyclops
  8365 | Lair:1   | Entered Level 1 of the Lair of Beasts
  8386 | Lair:1   | Reached skill level 5 in Fighting
  8484 | Lair:1   | Reached XP level 9. HP: 48/136 MP: 75/75
 10990 | Lair:2   | Reached XP level 10. HP: 141/148 MP: 75/75
 11109 | Lair:2   | Reached skill level 6 in Fighting
 11109 | Lair:2   | Reached skill level 5 in Armour
 11399 | Lair:2   | Noticed Gastronok
 11477 | Lair:2   | Identified a -3 rod of inaccuracy (13/13) (You found it on level 2 of the Lair of Beasts)
 11597 | Lair:2   | Killed Gastronok
 12113 | Lair:3   | Reached XP level 11. HP: 130/160 MP: 75/75
 12287 | Lair:3   | Reached skill level 10 in Axes
 12625 | Lair:3   | Reached skill level 7 in Fighting
 13171 | Lair:3   | Reached XP level 12. HP: 142/172 MP: 75/75
 13323 | Lair:3   | Noticed Urug
 14218 | Lair:3   | Killed Urug
 14584 | Lair:4   | Found a frozen archway.
 14603 | IceCv    | Entered an ice cave
 14830 | IceCv    | Found an ancient bone altar of Kikubaaqudgha.
 15005 | IceCv    | Reached skill level 8 in Fighting
 16414 | Lair:4   | Found a staircase to the Shoals.
 16865 | Lair:5   | Reached XP level 13. HP: 79/184 MP: 75/75
 17438 | Lair:5   | Found a staircase to the Swamp.
 17692 | Lair:5   | Found a staircase to the Snake Pit.
 18382 | Lair:5   | Reached skill level 9 in Fighting
 19005 | Lair:6   | Reached XP level 14. HP: 115/197 MP: 75/75
 19948 | Lair:7   | Entered Level 7 of the Lair of Beasts
 19983 | Lair:7   | Found a staircase to the Orcish Mines.
 20593 | Lair:7   | Reached skill level 10 in Fighting
 20593 | Lair:7   | Reached skill level 1 in Maces & Flails
 20947 | Lair:7   | Reached XP level 15. HP: 201/209 MP: 75/75
 21081 | Lair:7   | Reached skill level 15 in Axes
 21522 | Lair:7   | Reached skill level 10 in Armour
 21653 | Lair:7   | Paralysed by something for 4 turns
 21679 | Lair:7   | Found a burning altar of Makhleb.
 21916 | Lair:7   | Reached skill level 11 in Fighting
 23039 | Lair:7   | Found a gateway to Hell.
 23407 | Orc:1    | Entered Level 1 of the Orcish Mines
 23427 | Orc:1    | Found Zaotweov's Quality Used Wands.
 23606 | Orc:2    | Reached XP level 16. HP: 220/221 MP: 75/75
 24863 | Orc:4    | Found a staircase to the Elven Halls.
 26050 | Orc:5    | Gained mutation: You are somewhat unskilled. (-1 Apt) [a neqoxec]
 26051 | Orc:5    | Reduced skill Axes to level 15
 26051 | Orc:5    | Reduced skill Throwing to level 1
 26051 | Orc:5    | Reduced skill Armour to level 10
 26763 | Orc:5    | Gained mutation: Potions and wands are less effective at restoring your health. [a neqoxec]
 27055 | Orc:6    | Reached XP level 17. HP: 134/233 MP: 75/75
 27286 | Orc:6    | Found a bloodstained altar of Trog.
 27473 | Orc:5    | Reached skill level 12 in Fighting
 27730 | Orc:6    | Found a dark tunnel.
 27739 | Volcano  | Entered a volcano
 28279 | Orc:6    | Found a staircase to the Dwarven Fortress.
 28315 | Orc:7    | Entered Level 7 of the Orcish Mines
 28966 | Orc:7    | Reached skill level 1 in Crossbows
 29294 | Orc:7    | Found a roughly hewn altar of Beogh.
 29306 | Orc:7    | Found Nookh's Antique Weapon Emporium.
 29311 | Orc:7    | Bought a polished arbalest for 228 gold pieces
 29311 | Orc:7    | Identified the cursed +1 arbalest "Xewkewn" {elec, rN+} (You bought it in a shop on level 7 of the Orcish Mines)
 29383 | Orc:7    | Found a staircase to the Enchanted Forest.
 29453 | Orc:7    | Found a roughly hewn altar of Beogh.
 29527 | Orc:7    | Found Emenik's General Store.
 29553 | Orc:7    | Bought a potion of haste for 140 gold pieces
 29553 | Orc:7    | Bought a potion of heal wounds for 112 gold pieces
 29553 | Orc:7    | Bought a potion of stamina for 112 gold pieces
 29553 | Orc:7    | Bought a scroll of remove curse for 42 gold pieces
 29569 | Orc:7    | Found a roughly hewn altar of Beogh.
 29901 | Orc:7    | Found Lauffov's Antique Weapon Emporium.
 29902 | Orc:7    | Found a roughly hewn altar of Beogh.
 29903 | Orc:7    | Found Tuyk's Antique Armour Shoppe.
 29910 | Orc:7    | Bought an ichor-stained battleaxe for 345 gold pieces
 29910 | Orc:7    | Identified the cursed +1 battleaxe of Noon {freeze, Dex+2} (You bought it in a shop on level 7 of the Orcish Mines)
 29917 | Orc:7    | Bought a pair of distressingly furry boots for 199 gold pieces
 29917 | Orc:7    | Bought a scorched cloak for 199 gold pieces
 29927 | Orc:7    | Identified the cursed +0 pair of boots "Niusuorch" {Dex+3 Stlth+} (You bought it in a shop on level 7 of the Orcish Mines)
 29937 | Orc:7    | Identified the cursed +0 cloak of Entitlement {rC+} (You bought it in a shop on level 7 of the Orcish Mines)
 30039 | Orc:7    | Found a roughly hewn altar of Beogh.
 30055 | Orc:7    | Found Huic's Antique Weapon Boutique.
 30099 | Orc:7    | Found a roughly hewn altar of Beogh.
 30175 | Forest:1 | Entered Level 1 of the Enchanted Forest
 30735 | Forest:1 | Reached XP level 18. HP: 244/245 MP: 75/75
 31054 | Forest:1 | Noticed Aizul
 31065 | Forest:1 | Killed Aizul
 31156 | Forest:1 | Identified a scroll of acquirement
 32915 | Orc:3    | Found a hole to the Spider Nest.
 33527 | D:4      | Became a worshipper of the Shining One
 34068 | Forest:2 | Reached skill level 1 in Invocations
 34075 | Forest:2 | Reached skill level 13 in Fighting
 34095 | Forest:2 | Found Morchyefu's Book Emporium.
 34242 | Forest:2 | Noticed Jory
 34290 | Forest:2 | Killed Jory
 34318 | Forest:2 | Found a staircase to the Slime Pits.
 34417 | Forest:2 | Noticed Margery
 34418 | Forest:2 | Reached * piety under the Shining One
 34428 | Forest:2 | Killed Margery
 34482 | Forest:2 | Found Utoy's General Store.
 34493 | Forest:2 | Bought a potion of might for 60 gold pieces
 34493 | Forest:2 | Bought a scroll of magic mapping for 52 gold pieces
 34493 | Forest:2 | Bought a scroll of remove curse for 45 gold pieces
 34493 | Forest:2 | Bought a scroll of blinking for 112 gold pieces
 34626 | Forest:2 | Reached skill level 5 in Crossbows
 34632 | Forest:2 | Got a crude jade ring
 34638 | Forest:2 | Identified the ring of Riefoel {rCorr rElec rPois MR+ Str-3} (You found it on level 2 of the Enchanted Forest)
 34753 | Forest:2 | Got a slimy silver ring
 34754 | Forest:2 | Identified the ring "Satoomid" {rPois rC+ Str+3} (You found it on level 2 of the Enchanted Forest)
 34812 | Forest:2 | Reached ** piety under the Shining One
 34814 | Forest:2 | Reached skill level 14 in Fighting
 34877 | Forest:2 | Got a brightly glowing marble ring
 34880 | Forest:2 | Identified the ring of Due Proportion {*Drain +Inv rElec rPois MR+} (You found it on level 2 of the Enchanted Forest)
 35111 | Forest:3 | Reached XP level 19. HP: 171/257 MP: 75/75
 35370 | Forest:3 | Found a snail-covered altar of Cheibriados.
 35654 | Forest:3 | Reached *** piety under the Shining One
 35774 | Forest:3 | Got a jewelled hand axe
 35775 | Forest:3 | Identified the +6 hand axe of Puofikisch {chop, MR+} (You found it on level 3 of the Enchanted Forest)
 37736 | Forest:4 | Reached skill level 15 in Fighting
 37944 | Forest:4 | Found a staircase to the Crypt.
 38282 | Forest:4 | Reached **** piety under the Shining One
 38326 | Forest:4 | Found a gate to the Vaults.
 38849 | Forest:4 | Reached skill level 5 in Invocations
 40823 | Forest:5 | Reached skill level 16 in Fighting
 40829 | Forest:5 | Reached XP level 20. HP: 219/269 MP: 75/75
 42620 | Forest:5 | Reached ***** piety under the Shining One
 43518 | Forest:6 | Reached skill level 17 in Fighting
 44219 | Forest:6 | Noticed a giant centipede
 44231 | Forest:6 | Killed a giant centipede
 45419 | Forest:6 | Reached skill level 15 in Armour
 45873 | Forest:7 | Entered Level 7 of the Enchanted Forest
 45921 | Forest:7 | Found a staircase to the Depths.
 45927 | Depths:1 | Entered Level 1 of the Depths
 46170 | Forest:7 | Reached XP level 21. HP: 208/281 MP: 75/75
 46188 | Forest:7 | Found a shimmering altar of Xom.
 46316 | Forest:7 | Reached skill level 18 in Fighting
 46890 | Forest:7 | Identified the Catalogue of Venom
 47965 | Forest:7 | Noticed the Enchantress
 47978 | Forest:7 | Killed the Enchantress
 47980 | Forest:7 | Got a faerie dragon armour
 47991 | Forest:7 | Identified the +1 faerie dragon armour {*Corrode rC+++ Int+4 Slay-6} (You took it off the Enchantress on level 7 of the Enchanted Forest)
 49366 | Depths:1 | Reached ****** piety under the Shining One
 49544 | Depths:1 | Identified a +9 executioner's axe of holy wrath (a +9 executioner's axe of chopping blessed by the Shining One)
 49544 | Depths:1 | Received a gift from the Shining One
 49591 | Depths:1 | Found a one-way gate to the infinite horrors of the Abyss.
 49753 | Depths:1 | Reached skill level 5 in Dodging
 50046 | Depths:1 | Reached skill level 19 in Fighting
 51249 | Depths:1 | Lost mutation: Potions and wands are less effective at restoring your health. [potion of cure mutation]
 51250 | Depths:1 | Lost mutation: You are somewhat unskilled. (-1 Apt) [potion of cure mutation]
 51306 | Depths:2 | Reached skill level 21 in Fighting
 51306 | Depths:2 | Reached skill level 10 in Crossbows
 51430 | Depths:2 | Reached XP level 22. HP: 292/293 MP: 75/75
 53479 | Depths:3 | Found a gateway to a ziggurat.
 53497 | Depths:3 | Reached skill level 10 in Invocations
 53815 | Depths:3 | Reached skill level 22 in Fighting
 54065 | Depths:3 | Found a one-way gate leading to the halls of Pandemonium.
 54483 | Depths:3 | Found a runed door.
 54515 | Depths:3 | Identified the Handbook of Ice
 54704 | Depths:3 | Found a staircase to the Tomb.
 55357 | Depths:4 | Reached XP level 23. HP: 298/305 MP: 75/75
 55395 | Depths:4 | Noticed a juggernaut
 55408 | Depths:4 | Killed a juggernaut
 55421 | Depths:4 | Reached skill level 23 in Fighting
 55434 | Depths:4 | HP: 28/305 [acid (11)]
 55439 | Depths:4 | Noticed a giant centipede
 55494 | Depths:4 | Killed a giant centipede
 56269 | Depths:4 | Noticed a juggernaut
 56283 | Depths:4 | Killed a juggernaut
 56407 | Depths:4 | Identified the Grimoire of Activism
 56412 | Depths:4 | Identified a +4 rod of clouds (13/13) (You found it on level 4 of the Depths)
 56783 | Hell     | Entered the Vestibule of Hell
 56783 | Hell     | Noticed Geryon
 56806 | Hell     | Gained mutation: You are clumsy. (Dex -2) [a cacodemon]
 56827 | Hell     | Killed Geryon
 56979 | Hell     | Found a gateway to the freezing wastes of Cocytus.
 56984 | Hell     | Reached skill level 24 in Fighting
 57021 | Hell     | Found a gateway to the decaying netherworld of Tartarus.
 57180 | Hell     | Found a gateway to the Iron City of Dis.
 57280 | Hell     | Found a gateway to the ashen valley of Gehenna.
 58346 | Depths:5 | Reached skill level 10 in Dodging
 58362 | Depths:5 | Identified the Grimoire of the Igneous Compass
 58495 | Depths:5 | Noticed a juggernaut
 58509 | Depths:5 | Killed a juggernaut
 58706 | Depths:5 | Noticed a juggernaut
 58720 | Depths:5 | Killed a juggernaut
 58795 | Depths:5 | Reached XP level 24. HP: 303/318 MP: 75/75
 60086 | Depths:6 | Reached skill level 25 in Fighting
 60959 | Depths:6 | Noticed Boris
 60970 | Depths:6 | Killed Boris
 61676 | Depths:7 | Entered Level 7 of the Depths
 61761 | Depths:7 | Found Faebariutt's Assorted Antiques.
 61801 | Depths:7 | Bought a glowing iron ring for 175 gold pieces
 61801 | Depths:7 | Bought a brass wand for 140 gold pieces
 61801 | Depths:7 | Bought a scroll of enchant armour for 262 gold pieces
 61873 | Depths:7 | Found a gate to the Realm of Zot.
 62005 | Depths:7 | Reached skill level 26 in Fighting
 62246 | Depths:7 | Cast into level 5 of the Abyss (a Zot trap)
 62322 | Depths:7 | Escaped the Abyss
 62921 | Depths:7 | Reached XP level 25. HP: 330/330 MP: 75/75
 63250 | Depths:7 | Cast into level 2 of the Abyss (tengu warrior)
 63747 | Depths:7 | Escaped the Abyss
 64243 | Depths:3 | Voluntarily entered the Abyss.
 64243 | Abyss:1  | Found a corrupted altar of Lugonu.
 64276 | Abyss:1  | Found a basalt altar of Yredelemnul.
 64278 | Abyss:1  | Found a corrupted altar of Lugonu.
 64482 | Abyss:1  | Found a corrupted altar of Lugonu.
 65090 | Abyss:3  | Found an iron altar of Okawaru.
 65445 | Abyss:3  | Found a viscous altar of Jiyva.
 66553 | Abyss:4  | Gained mutation: You are very clumsy. (Dex -4) [a cacodemon]
 67944 | Abyss:4  | Got an abyssal rune of Zot
 67969 | Depths:3 | Escaped the Abyss
 68497 | Swamp:1  | Entered Level 1 of the Swamp
 69365 | Swamp:3  | Noticed Roxanne
 69379 | Swamp:3  | Killed Roxanne
 69384 | Swamp:3  | Identified Roxanne's Tome of Earth (You took it off Roxanne on level 3 of the Swamp)
 69419 | Swamp:3  | Reached skill level 15 in Crossbows
 70009 | Swamp:4  | Entered Level 4 of the Swamp
 70030 | Swamp:4  | Reached skill level 27 in Fighting
 70204 | Swamp:4  | Noticed Nikola
 70218 | Swamp:4  | Killed Nikola
 70541 | Swamp:4  | Reached skill level 1 in Evocations
 70851 | Swamp:4  | Got a decaying rune of Zot
 71124 | Snake:1  | Entered Level 1 of the Snake Pit
 71939 | Snake:4  | Entered Level 4 of the Snake Pit
 72570 | Snake:4  | Got a serpentine rune of Zot
 73117 | Tar:1    | Entered Level 1 of Tartarus
 73325 | Tar:1    | Reached XP level 26. HP: 338/341 MP: 75/75
 73340 | Tar:1    | Reached skill level 15 in Invocations
 73340 | Tar:1    | Reached skill level 5 in Evocations
 73492 | Tar:2    | Reached skill level 28 in Fighting
 74527 | Dwarf:1  | Entered Level 1 of the Dwarven Fortress
 74527 | Dwarf:1  | Quit the game

Skill      XL: |  1  2  3  4  5  6  7  8  9 10 11 12 13 14 15 16 17 18 19 20 21 22 23 24 25 26 |
---------------+-------------------------------------------------------------------------------+-----
Axes           | 5 6 7 8 9 10 12 13 14 16 16 17 18 19 22 23 24 25 26 | 26.6
Armour         | 1 2 3 4 5 6 7 8 9 10 11 12 13 14 15 17 18 19 20 22 | 22.6
Fighting       | 4 5 6 7 8 9 10 11 12 14 16 17 21 22 24 26 27 28 | 28.3
Maces & Flails | 2 |  2.5
Throwing       | 1 2 |  2.0
Crossbows      | 2 5 7 8 10 12 13 14 16 | 16.7
Invocations    | 3 5 7 9 10 12 13 14 15 | 15.4
Dodging        | 6 8 10 12 13 14 | 14.5
Evocations     | 4 6 |  6.0

Action                   |  1- 3 |  4- 6 |  7- 9 | 10-12 | 13-15 | 16-18 | 19-21 | 22-24 | 25-27 || total
-------------------------+-------+-------+-------+-------+-------+-------+-------+-------+-------++-------
Melee: War axe           |    64 |   367 |   455 |   737 |  1035 |    62 |       |       |       ||  2720
       Headbutt          |     6 |    43 |    83 |   182 |   328 |   397 |   315 |   445 |   326 ||  2125
       Flail             |       |       |       |       |   205 |       |       |       |       ||   205
       Battleaxe         |       |       |       |       |       |  1403 |       |       |       ||  1403
       Executioner's axe |       |       |       |       |       |   209 |  1216 |  1568 |  1448 ||  4441
       Hand axe          |       |       |       |       |       |       |       |       |    24 ||    24
 Fire: Arbalest          |       |       |       |       |       |       |    19 |     6 |       ||    25
       Triple crossbow   |       |       |       |       |       |       |       |    38 |    36 ||    74
Invok: Brand Weapon With |       |       |       |       |       |       |     1 |       |       ||     1
Evoke: Wand              |       |       |       |       |    23 |       |       |       |     2 ||    25
  Use: Scroll            |       |    12 |    11 |     7 |     5 |    23 |     6 |    26 |     5 ||    95
       Potion            |       |     3 |       |     9 |     6 |    17 |     3 |     6 |     2 ||    46
 Stab: Invisible         |       |     1 |       |       |       |       |       |       |       ||     1
       Sleeping          |       |       |     1 |       |     2 |     6 |       |     1 |     1 ||    11
       Distracted        |       |       |       |     1 |       |     1 |       |     1 |       ||     3
       Petrified         |       |       |       |       |       |     1 |       |       |       ||     1
       Confused          |       |       |       |       |       |       |       |       |     1 ||     1
Armor: Scale mail        |     7 |   115 |   162 |   420 |    23 |       |       |       |       ||   727
       Chain mail        |       |       |       |       |  1074 |  1069 |       |       |       ||  2143
       Plate armour      |       |       |       |       |       |   466 |  1247 |   402 |       ||  2115
       Gold dragon armou |       |       |       |       |       |       |       |  1515 |  1780 ||  3295
Dodge: Dodged            |    39 |   215 |   324 |   583 |   872 |  1282 |   855 |  1070 |   934 ||  6174
